[Event "Late-Titled-Tuesday-Blitz-May-07-2024"]
[Site "Chess.com"]
[Date "2024.05.07"]
[Round "4"]
[White "LUISMIGUELOV"]
[Black "RantomOpening"]
[Result "0-1"]
[WhiteElo "2210"]
[BlackElo "2490"]
[TimeControl "180+1"]
[EndTime "14:39:04 PDT"]
[Termination "RantomOpening won on time"]

1. e4 c6 2. d4 d5 3. Nd2 e6 4. c3 b5 5. Bd3 a6 6. f4 Nf6 7. e5 Nfd7 8. Ngf3 c5 9. O-O Nc6 10. a4 c4 11. Bc2 b4 12. cxb4 Nxb4 13. b3 Nxc2 14. Qxc2 cxb3 15. Nxb3 Be7 16. Ba3 O-O 17.
Bxe7 Qxe7 18. Rfc1 Nb6 19. Nc5 Nc4 20. Nd2 Ne3 21.
Qd3 Nf5 22. a5 f6 23. exf6 Qxf6 24. Nf3 Nd6 25. g3 Bb7 26. Rab1 Bc6 27. Rb6 Bb5 28.
Qe3 Nc4 29. Qxe6+ Qxe6 30. Rxe6 Nxa5 31. Ne5 Nc4 32. Ra1 a5 33. Re7 Rfe8 34. Rb7 Rab8 35. Ra7 Ra8 36. Rb7 Reb8 37. Rc7 Rb6 38. Ned7 Rd6 39.
Ne5 a4 40. Nb7 Rb6 41. Nc5 a3 42. Ncd7 Bxd7 43. Nxd7 Rb2 44. Ne5 a2 45. Nxc4 Rb1+ 46. Kg2 dxc4 47. Rxa2 Rxa2+ 48. Kh3 Rc2 49. d5 Rd1 50.
Rd7 c3 51. d6 Rcd2 52. Rc7 c2 53. d7 c1=Q 54. Rc8+ Kf7 0-1

[Event "Late-Titled-Tuesday-Blitz-May-07-2024"]
[Site "Chess.com"]
[Date "2024.05.07"]
[Round "4"]
[White "Balla_Tamas"]
[Black "prime-morty"]
[Result "0-1"]
[WhiteElo "2525"]
[BlackElo "2713"]
[TimeControl "180+1"]
[EndTime "14:39:06 PDT"]
[Termination "prime-morty won by resignation"]

1. e4 d6 2. d4 Nf6 3. Nc3 e5 4.
Nf3 Nbd7 5. Bc4 h6 6. O-O Be7 7. a4 a5 8. b3 c6 9. d5 Qc7 10. Ba3 Nb6 11. Qe2 Bg4 12. Rad1 Nxc4 13. Qxc4 Bxf3 14. gxf3 Qd7 15. Kh1 c5 16. Rg1 Nh5 17.
Ne2 O-O 18. Bc1 Kh7 19. f4 exf4 20. Nxf4 Nxf4 21. Bxf4 Bf6 22. Rg3 Rae8 23. Rdg1 g5 24. Bd2 Be5 25. Rg4 f5 26. exf5 Qxf5 27. f4 Bxf4 28.
Bxf4 Re4 29. Qb5 Rxf4 30. Qxb7+ Rf7 31. Rxf4 Qxf4 32. Qb5 Qf3+ 33. Rg2 Qd1+ 34. Rg1 Qxd5+ 35. Rg2 Qd1+ 36. Rg1 Qf3+ 37. Rg2 Qf1+ 38. Qxf1 Rxf1+ 39. Rg1 Rxg1+ 40. Kxg1 Kg6 41. c3 Kf5 42. Kf2 Ke5 43. Ke3 h5 44. Kd3 d5 45. b4 cxb4 46. cxb4 axb4 47.
a5 Kd6 48. a6 Kc6 0-1

[Event "Late-Titled-Tuesday-Blitz-May-07-2024"]
[Site "Chess.com"]
[Date "2024.05.07"]
[Round "4"]
[White "gmcorrales"]
[Black "NelsonLinda"]
[Result "1-0"]
[WhiteElo "2883"]
[BlackElo "2615"]
[TimeControl "180+1"]
[EndTime "14:39:07 PDT"]
[Termination "gmcorrales won by resignation"]

1. e4 c5 2. Nf3 e6 3. d4 cxd4 4. Nxd4 Nf6 5. Nc3 d6 6. Be3 Be7 7. f4 O-O 8. Qf3 e5 9. Nb3 Nc6 10. h3 exf4 11. Bxf4 Ne5 12. Qe2 Be6 13. O-O-O Nfd7 14. Nd4 a6 15. Kb1 Rc8 16. Qe1 Qb6 17. Nf5 Bf6 18.
Rxd6 Rc6 19. Be3 Qc7 20. Rxc6 Qxc6 21. Bd4 g6 22. Ne3 Rd8 23. Ncd5 Qd6 24. Be2 Bg7 25. Qh4 Nc5 26. Rd1 Nxe4 27. Bxe5 Qxe5 28. Qxd8+ Bf8 29. Nf6+ Kg7 30. Ne8+ Kh6 31. Qd4 Qf4 32. Bf3 f5 33. Bxe4 fxe4 34. Rf1 Qh2 35. Rxf8 Qg1+ 36.
Rf1 Qxe3 37. Qxe3+ 1-0

[Event "Late-Titled-Tuesday-Blitz-May-07-2024"]
[Site "Chess.com"]
[Date "2024.05.07"]
[Round "4"]
[White "Russian_berezka"]
[Black "MyDream003"]
[Result "0-1"]
[WhiteElo "2597"]
[BlackElo "2831"]
[TimeControl "180+1"]
[EndTime "14:39:07 PDT"]
[Termination "MyDream003 won by resignation"]

1. d4 Nf6 2. Bf4 d5 3. e3 e6 4.
Nd2 Bd6 5. Bg3 O-O 6. Bd3 b6 7. f4 Ba6 8. Qe2 Bxd3 9. Qxd3 c5 10. c3 Nc6 11. Ngf3 Ne7 12. Bh4 Nf5 13. Bxf6 Qxf6 14. O-O Qe7 15. g3 Rac8 16. Kg2 Qb7 17. Kg1 b5 18. e4 dxe4 19. Nxe4 Rfd8 20. Rad1 Be7 21.
g4 c4 22. Qe2 Nd6 23. Nc5 Qc7 24. Rde1 Bf8 25. Qc2 Ne8 26. Ne4 b4 27. h3 a5 28.
Qd2 Qb7 29. Ne5 f6 30. Nf3 Nc7 31. Ng3 Re8 32. f5 Qc6 33. fxe6 Rxe6 34. Rxe6 Qxe6 35. Re1 Qd7 36. Nf5 Nd5 37. cxb4 Bxb4 38. Qc2 Bxe1 39.
Nxe1 g6 40. Nh4 Kg7 41. Neg2 Qe6 42. Nf3 Rc7 43. a3 c3 44. bxc3 Rxc3 45. Qd1 Qc6 46. Kh2 Qc7+ 0-1

[Event "Late-Titled-Tuesday-Blitz-May-07-2024"]
[Site "Chess.com"]
[Date "2024.05.07"]
[Round "4"]
[White "TheDevilAdvisoR"]
[Black "GothamChess"]
[Result "0-1"]
[WhiteElo "2476"]
[BlackElo "2703"]
[TimeControl "180+1"]
[EndTime "14:39:07 PDT"]
[Termination "GothamChess won on time"]

1. Nf3 g6 2. g3 Bg7 3. Bg2 d6 4.
O-O Bd7 5. d3 Qc8 6. Re1 Bh3 7.
Bh1 h5 8. e4 h4 9. Nxh4 Bf6 10.
Nf3 Nc6 11. c3 Qg4 12. Nfd2 Qd7 13. d4 e5 14. d5 Nce7 15. Nc4 g5 16. Ne3 Ng6 17.
Bf3 Nh6 18. c4 O-O 19. Nc3 Kh7 20. Bg2 Nf4 21. Bf3 Rg8 22. Kh1 g4 23. Be2 Rg5 24. Qa4 Qd8 25. gxf4 exf4 26. Nf5 Be5 27. Bd3 Rh5 28.
Ne2 Qg5 29. Neg3 Rg8 30. Qd1 Rh4 31. Nxh4 Qxh4 32. Bd2 fxg3 33. fxg3 Bxg3 34. Re2 Be5 35. Qe1 g3 0-1

[Event "Late-Titled-Tuesday-Blitz-May-07-2024"]
[Site "Chess.com"]
[Date "2024.05.07"]
[Round "4"]
[White "PNEPaul"]
[Black "Arteler"]
[Result "0-1"]
[WhiteElo "1944"]
[BlackElo "2288"]
[TimeControl "180+1"]
[EndTime "14:39:07 PDT"]
[Termination "Arteler won on time"]

1. e4 e6 2. d4 d5 3. e5 c5 4. Qg4 Qb6 5. Nf3 Nc6 6. Bd3 cxd4 7. O-O Nge7 8. Qg3 Ng6 9. a3 Qc7 10. Re1 Be7 11. h4 Bc5 12. h5 Nge7 13. Qxg7 Rg8 14. Qxh7 Bd7 15. h6 O-O-O 16. Qxf7 Rdf8 17. Qh5 Be8 18. Qh3 Bd7 19. h7 Rh8 20. b4 Bb6 21. Bg5 Nf5 22.
Bxf5 Rxf5 23. Bf6 Rxf6 24. exf6 Qd8 25. Qh6 Bc7 26. Ng5 Bf4 27. g3 Bxg5 28. Qxg5 Rxh7 29.
Nd2 Qh8 30. Kf1 Rh1+ 31. Ke2 Rxe1+ 32. Kxe1 Qh1+ 33. Ke2 Qxa1 34. f7 d3+ 0-1

[Event "Late-Titled-Tuesday-Blitz-May-07-2024"]
[Site "Chess.com"]
[Date "2024.05.07"]
[Round "4"]
[White "laskakid"]
[Black "frequentblunders"]
[Result "0-1"]
[WhiteElo "2383"]
[BlackElo "2209"]
[TimeControl "180+1"]
[EndTime "14:39:08 PDT"]
[Termination "frequentblunders won on time"]

1. e4 e6 2. d3 c5 3. Nf3 d5 4. Qe2 Be7 5. g3 Nf6 6. Bg2 O-O 7. O-O b5 8. e5 Nfd7 9. c4 bxc4 10. dxc4 Nb6 11. cxd5 exd5 12. Nc3 Nc6 13. Rd1 Bg4 14. h3 Nd4 15. Qd3 Nxf3+ 16. Bxf3 Bxf3 17. Qxf3 d4 18. Ne4 Nc4 19. Qe2 Nxe5 20. Nxc5 Bxc5 21. Qxe5 Bb6 22. Bg5 Qd7 23. Qe4 Qxh3 24. a4 h6 25. Bf4 Rfe8 26. Qf3 Rad8 27. Rd3 g5 28. Bd2 a5 29. b4 axb4 30.
Bxb4 Qe6 31. a5 Ba7 32. a6 Qe2 33. Qxe2 Rxe2 34. Rad1 Ra2 35. Ra3 Rxa3 36. Bxa3 d3 37. Kf1 f5 38. f3 Kf7 39. Bb2 Ke6 40. Bc3 Rd6 41. Re1+ Kd5 42. Rd1 Kc4 43. Bd2 Rxa6 44. Kg2 Ra2 45. g4 f4 46. Kf1 Be3 47. Be1 d2 48.
Bf2 Kd3 49. Bg1 Rc2 50. Bh2 Rc1 51. Kg2 Rxd1 0-1

[Event "Late-Titled-Tuesday-Blitz-May-07-2024"]
[Site "Chess.com"]
[Date "2024.05.07"]
[Round "4"]
[White "SchmakAttack"]
[Black "Mackster23"]
[Result "0-1"]
[WhiteElo "2763"]
[BlackElo "2593"]
[TimeControl "180+1"]
[EndTime "14:39:09 PDT"]
[Termination "Mackster23 won by resignation"]

1. e4 c6 2. d4 d5 3. f3 g6 4.
Nc3 Bg7 5. e5 h5 6. f4 Nh6 7. Be3 Ng4 8. Bd2 Bf5 9. Nf3 e6 10. h3 Nh6 11. Be3 Nd7 12. Qd2 Bf8 13. g3 Rc8 14. O-O-O Bb4 15. a3 Be7 16. Be2 b5 17.
Ng5 b4 18. axb4 Bxb4 19. Bf2 Qa5 20. Qe3 Qa1+ 21. Nb1 c5 22. Bd3 cxd4 23. Qf3 Nc5 24. Bxf5 Nxf5 25. Bxd4 Qa4 26. Bxc5 Rxc5 27. Rh2 Ke7 28.
g4 Rhc8 29. c3 d4 30. Rd3 dxc3 31. bxc3 Ba3+ 32. Kd2 Nh4 33. Qe3 hxg4 34. hxg4 Bb2 35. Rxh4 Qa2 36. Ke1 Qxb1+ 37. Kf2 Bxc3 38. Kf3 Qf1+ 39.
Kg3 Be1+ 40. Kh2 Rc2+ 0-1

[Event "Late-Titled-Tuesday-Blitz-May-07-2024"]
[Site "Chess.com"]
[Date "2024.05.07"]
[Round "4"]
[White "FelixBlohberger"]
[Black "KuzubovYuriy"]
[Result "0-1"]
[WhiteElo "2739"]
[BlackElo "2952"]
[TimeControl "180+1"]
[EndTime "14:39:10 PDT"]
[Termination "KuzubovYuriy won by resignation"]

1. Nf3 d5 2. d4 Nf6 3. c4 e6 4. Nc3 Nbd7 5. cxd5 exd5 6. Bf4 c6 7.
e3 Nh5 8. Bg5 Be7 9. Bxe7 Qxe7 10.
Bd3 Nf4 11. O-O Nxd3 12. Qxd3 O-O 13. a3 a5 14. e4 dxe4 15. Qxe4 Qxe4 16. Nxe4 Nb6 17.
Nc5 Nd5 18. Rfe1 b6 19. Nd3 f6 20. Rac1 Bd7 21. h3 Rfe8 22. Nd2 Bf5 23. Rxe8+ Rxe8 24. Ne1 Re6 25. Nef3 Nf4 26. Re1 Rxe1+ 27. Nxe1 Kf7 28.
Nc4 Nd5 29. Kf1 g5 30. Ke2 Ke6 31. Ne3 h5 32. Nd3 Nxe3 33. Kxe3 Kd5 34. b3 h4 35. Nc1 Bc2 36. Kd2 Be4 37. f3 Bg6 38. Ke3 Bf7 39.
Ne2 Kd6 40. b4 axb4 41. axb4 Kd5 42. Kd3 Bg6+ 43. Kc3 Bf5 44. Nc1 Bc8 45. Nb3 Ba6 46. Nd2 f5 47. Nb3 Bf1 48. Nd2 Bxg2 0-1

[Event "Late-Titled-Tuesday-Blitz-May-07-2024"]
[Site "Chess.com"]
[Date "2024.05.07"]
[Round "4"]
[White "dealshark"]
[Black "oskariot"]
[Result "0-1"]
[WhiteElo "2553"]
[BlackElo "2758"]
[TimeControl "180+1"]
[EndTime "14:39:10 PDT"]
[Termination "oskariot won by resignation"]

1. e4 c5 2. c3 d6 3. d4 Nf6 4. Bd3 g6 5. Nf3 Bg7 6. h3 O-O 7. O-O Nfd7 8. Re1 Nc6 9. Be3 Rb8 10. Nbd2 b5 11. Rc1 a6 12. Qe2 Bb7 13. Nf1 e6 14. Ng3 Qe7 15. Bb1 e5 16. Red1 exd4 17. cxd4 Rfe8 18.
Rd2 Rbc8 19. Rcd1 c4 20. h4 Nf6 21. h5 Na5 22. Bf4 Nxe4 23. Nxe4 Bxe4 24. Qxe4 Qxe4 25.
Bxe4 Rxe4 26. Bxd6 Nb7 27. Bg3 b4 28. d5 c3 29.
bxc3 bxc3 30. Rc2 Rb4 31. d6 Rb2 32. d7 Ra8 33. Rxb2 cxb2 34. Be5 Rd8 35. Bxg7 Kxg7 36.
Ne5 Nc5 37. Rb1 Na4 38. hxg6 f6 39. gxh7 fxe5 40. Kf1 Rxd7 41. Ke2 Nc3+ 0-1

[Event "Late-Titled-Tuesday-Blitz-May-07-2024"]
[Site "Chess.com"]
[Date "2024.05.07"]
[Round "4"]
[White "Chessbard1972"]
[Black "Cambek64"]
[Result "0-1"]
[WhiteElo "2331"]
[BlackElo "2526"]
[TimeControl "180+1"]
[EndTime "14:39:11 PDT"]
[Termination "Cambek64 won on time"]

1. e4 e6 2. d4 d5 3. e5 c5 4.
dxc5 Nc6 5. Nf3 Bxc5 6. Bd3 Nge7 7.
Bf4 Ng6 8. Bg3 Nb4 9. Be2 O-O 10.
c3 Nc6 11. Bd3 f6 12. Bxg6 hxg6 13. exf6 gxf6 14. Qd3 Kg7 15. O-O e5 16. Qb5 Qb6 17. a4 Be6 18. Nbd2 a6 19. Qxb6 Bxb6 20. b4 Rfc8 21. a5 Ba7 22. Rac1 Ne7 23. Rfe1 Kf7 24. Nf1 Rc6 25. Bxe5 fxe5 26. Nxe5+ Kf6 27. Nxc6 Nxc6 28. Ne3 d4 29. cxd4 Bxd4 30. Red1 Rd8 31. Nc2 Bc3 32. Rxd8 Nxd8 33. Rd1 Nc6 34. Rd3 Bxb4 35. Nxb4 Nxb4 36. Rf3+ Ke7 37. Rg3 Bf7 38. Re3+ Kd6 39. Rf3 Be6 40. Rf6 Nc6 41. Rxg6 Nxa5 42. h4 Nc6 43. h5 Ne5 44. Rg7 b6 45. h6 Bf5 46. h7 Bxh7 47.
Rxh7 a5 48. f4 Ng4 49. Rg7 Ne3 50. g4 a4 51. g5 Nc4 52. Ra7 Na5 0-1

[Event "Late-Titled-Tuesday-Blitz-May-07-2024"]
[Site "Chess.com"]
[Date "2024.05.07"]
[Round "4"]
[White "IsaqueGoncalvesSanto"]
[Black "banjadvorovi"]
[Result "0-1"]
[WhiteElo "1823"]
[BlackElo "2449"]
[TimeControl "180+1"]
[EndTime "14:39:11 PDT"]
[Termination "banjadvorovi won on time"]

1. d4 d5 2. c4 e6 3. Nc3 Nf6 4. Nf3 Bb4 5. Nd2 c6 6. e3 Nbd7 7. Bd3 O-O 8. O-O e5 9. cxd5 Nxd5 10. Nxd5 cxd5 11. dxe5 Nxe5 12. Be2 Bf5 13. Nf3 Nc6 14. a3 Bc5 15. b4 Bb6 16. Bb2 f6 17. Qb3 Be6 18.
Rad1 Qe7 19. Qc2 Rac8 20. Qb1 Kh8 21. Rd2 Bg8 22. Rfd1 Ne5 23. Nd4 Nc4 24. Bxc4 dxc4 25.
Nf5 Qe6 26. Rd6 Qe8 27. Rd7 c3 28. Nxg7 Qg6 29. Qxg6 hxg6 30. Bc1 Bf7 31. Rxb7 Kxg7 32. Rdd7 Rcd8 33. Kf1 Rxd7 34. Rxd7 a5 35. b5 Kg8 36.
a4 Bc5 37. Rc7 Bb4 38. b6 Be6 39. Ke2 Rc8 40. b7 Rd8 41. e4 Bd6 42. Rc6 Kf7 43. Rxd6 Bc4+ 0-1

[Event "Late-Titled-Tuesday-Blitz-May-07-2024"]
[Site "Chess.com"]
[Date "2024.05.07"]
[Round "4"]
[White "Szparu"]
[Black "Franmu14"]
[Result "0-1"]
[WhiteElo "2919"]
[BlackElo "2744"]
[TimeControl "180+1"]
[EndTime "14:39:12 PDT"]
[Termination "Franmu14 won on time"]

1. e4 e5 2. Nf3 Nc6 3. d4 exd4 4. Nxd4 d6 5. Nc3 Nf6 6. Bb5 Bd7 7. O-O Be7 8. Re1 O-O 9. Nxc6 Bxc6 10. Bxc6 bxc6 11. b3 Nd7 12. Bb2 Bf6 13. Qd2 Re8 14. Rad1 Nc5 15. f3 Qb8 16. Na4 Bxb2 17. Nxb2 a5 18. a4 Ne6 19. Kh1 c5 20. Nc4 Qb4 21.
Qd3 Rad8 22. Qd2 Ra8 23. h3 h6 24. Qf2 Qc3 25. Re3 Qf6 26. e5 dxe5 27. Rxe5 Nd4 28. Rxc5 Rad8 29. Rxc7 Qf4 30. Rc5 Nf5 31. Re1 Ng3+ 32.
Kg1 Ne2+ 33. Kf1 Ng3+ 34. Kg1 Ne2+ 35. Rxe2 Rd1+ 36. Qf1 Qd4+ 37. Kh2 Rxf1 38. Rxe8+ Kh7 39. Rce5 Qf4+ 40. g3 Qxf3 0-1

[Event "Late-Titled-Tuesday-Blitz-May-07-2024"]
[Site "Chess.com"]
[Date "2024.05.07"]
[Round "4"]
[White "GMMikhailKazakov"]
[Black "carlsenCamacho"]
[Result "0-1"]
[WhiteElo "2506"]
[BlackElo "2326"]
[TimeControl "180+1"]
[EndTime "14:39:12 PDT"]
[Termination "carlsenCamacho won on time"]

1. d4 d5 2. c4 c6 3. g3 dxc4 4. Bg2 Nf6 5. Nc3 Be6 6. Nf3 Nd5 7. O-O Nxc3 8. bxc3 Nd7 9. Ng5 Bg4 10. f3 Bh5 11. e4 e5 12. Be3 Be7 13. Nh3 b5 14.
Qe2 O-O 15. Qf2 a5 16. g4 Bg6 17. f4 exf4 18. Nxf4 Nf6 19. Nxg6 fxg6 20. Qg3 b4 21. Rac1 Qb8 22. Bf4 Qb6 23. Be5 Rae8 24. Kh1 b3 25.
a4 Nd7 26. Bf4 Qd8 27. e5 Qc8 28. Qe3 Nb6 29. Qe2 Qe6 30. h3 c5 31. Be3 Nxa4 32.
Bg1 Nb6 33. dxc5 Na4 34. Rfd1 Rd8 35. Rd4 Bxc5 36. Rxd8 Rxd8 37. Bxc5 Nxc5 38. Qf2 Nd3 39. Qd2 Qxe5 40. Rf1 Rf8 41. Rg1 Qg3 42. Qe2 Qe5 0-1

[Event "Late-Titled-Tuesday-Blitz-May-07-2024"]
[Site "Chess.com"]
[Date "2024.05.07"]
[Round "4"]
[White "nabukatnezarr"]
[Black "Narek_Ghimoyan"]
[Result "0-1"]
[WhiteElo "2585"]
[BlackElo "2411"]
[TimeControl "180+1"]
[EndTime "14:39:13 PDT"]
[Termination "Narek_Ghimoyan won on time"]

1. Nf3 Nf6 2. g3 d5 3. Bg2 e6 4.
O-O Be7 5. d3 O-O 6. Nbd2 a5 7. e4 a4 8. a3 Nc6 9. e5 Nd7 10. Re1 f6 11. exf6 Bxf6 12. c4 Nde5 13. cxd5 exd5 14. Qc2 Bg4 15. Nxe5 Nxe5 16. d4 Nc6 17. Nf1 Nxd4 18. Qc5 c6 19. Bf4 Nb3 20. Qc2 Nxa1 21. Rxa1 Qd7 22. Ne3 Be6 23. Rd1 Rfe8 24. Nc4 Bf5 25. Qc1 Be4 26. Nb6 Qg4 27. Nxa8 Bxg2 28.
Kxg2 Rxa8 29. Re1 Rf8 30. h3 Qf5 31. g4 Qg6 32. Bg3 h5 33. gxh5 Qxh5 34. Qc2 Qf7 35. Qxa4 Re8 36. Rxe8+ Qxe8 37. Qb3 Qe4+ 38. Kh2 Qe2 39.
Qxb7 Be5 40. Qxc6 Qxf2+ 41. Kh1 Qe1+ 42. Kg2 Qxg3+ 43. Kf1 Qxh3+ 44. Kf2 Bd4+ 45. Ke2 Qe3+ 46. Kd1 Qd3+ 47. Ke1 Qb1+ 48. Kd2 Qxb2+ 49. Kd1 Qa1+ 50. Ke2 Qa2+ 51. Kd1 Kf7 52. Qd7+ Kf6 53. Qd8+ Kf5 54. Qd7+ Ke4 55. Qg4+ Kd3 56. Qf5+ Kc4 57. Qc8+ Bc5 58. Qa6+ Kd4 59. Qa4+ Qc4 60. Qe8 Qd3+ 61. Ke1 Qe3+ 62. Qxe3+ Kxe3 63. a4 d4 0-1

[Event "Late-Titled-Tuesday-Blitz-May-07-2024"]
[Site "Chess.com"]
[Date "2024.05.07"]
[Round "4"]
[White "czasnaszachy"]
[Black "cthake"]
[Result "1-0"]
[WhiteElo "2454"]
[BlackElo "1862"]
[TimeControl "180+1"]
[EndTime "14:39:13 PDT"]
[Termination "czasnaszachy won by resignation"]

1. e4 e6 2. d4 d5 3. Nc3 Bb4 4. e5 c5 5. a3 Bxc3+ 6. bxc3 Ne7 7. h4 Qc7 8. h5 h6 9. Nf3 cxd4 10. cxd4 Bd7 11. Rb1 Nbc6 12. Bd3 Rc8 13. O-O b6 14. Qd2 Na5 15. Qf4 Nc4 16. Qg4 Kf8 17. Nh4 b5 18. f4 Qb6 19. c3 a6 20. Kh1 Qd8 21. f5 exf5 22. Nxf5 Nxf5 23. Bxf5 Bxf5 24. Rxf5 Rc6 25.
Bf4 Qd7 26. Rf1 Rg8 27. Bc1 Ke8 28. Qf3 Rf8 29. e6 Rxe6 30. Rxd5 Qc6 31. Qf5 g6 32. hxg6 Rxg6 33. Qf3 Re6 34. Bf4 Nd6 35. Rxd6 Rxd6 36.
Bxd6 Qxd6 37. Re1+ Kd7 38. Qb7+ Qc7 39. Qxa6 Re8 40. Qxb5+ Qc6 41. Qxc6+ Kxc6 42. Rxe8 Kd5 43. Rf8 Kc4 44. Rxf7 Kxc3 45. Rh7 Kxd4 46. Rxh6 Kc4 47. Rb6 1-0

[Event "Late-Titled-Tuesday-Blitz-May-07-2024"]
[Site "Chess.com"]
[Date "2024.05.07"]
[Round "4"]
[White "EliteChess0967"]
[Black "MuhittinBuker"]
[Result "1-0"]
[WhiteElo "2402"]
[BlackElo "2201"]
[TimeControl "180+1"]
[EndTime "14:39:13 PDT"]
[Termination "EliteChess0967 won on time"]

1. d4 Nf6 2. Nf3 d5 3. c4 e6 4. g3 Be7 5. Bg2 O-O 6. O-O dxc4 7. Qc2 a6 8. a4 Bd7 9. Qxc4 Bc6 10. Nc3 b5 11.
Qd3 b4 12. Nb1 Be4 13. Qd1 Bb7 14. Nbd2 Nbd7 15. b3 Nb6 16. Bb2 Ne4 17. Rc1 Rc8 18.
a5 Nxd2 19. Qxd2 Nd5 20. Ne5 c5 21. Rfd1 Qxa5 22. dxc5 Rxc5 23. Rxc5 Bxc5 24. Nd7 Rd8 25. Nxc5 Qxc5 26. e4 Rc8 27. exd5 exd5 28. Qg5 Qf8 29. Bxd5 Bxd5 30. Rxd5 h6 31. Qd2 Qe8 32. Be5 Qe6 33. Rd8+ Rxd8 34. Qxd8+ Kh7 35. Qd3+ Kg8 36. Bc7 Qc6 37.
Ba5 Qc1+ 38. Kg2 Qc6+ 39. Qf3 Qc5 40. Qa8+ Kh7 41. Qe4+ f5 42. Bxb4 Qb5 43. Qc4 Qb7+ 44. Kg1 Qf3 45. h4 Qd1+ 46. Kg2 Qd7 47. Bc5 Qc6+ 48.
Kh2 1-0

[Event "Late-Titled-Tuesday-Blitz-May-07-2024"]
[Site "Chess.com"]
[Date "2024.05.07"]
[Round "4"]
[White "gxbg2000"]
[Black "simaopdias"]
[Result "1-0"]
[WhiteElo "2039"]
[BlackElo "2298"]
[TimeControl "180+1"]
[EndTime "14:39:13 PDT"]
[Termination "gxbg2000 won on time"]

1. e4 c5 2. Nf3 g6 3. Bc4 Bg7 4. c3 e6 5. d3 d5 6. exd5 exd5 7. Bb5+ Nc6 8. O-O Ne7 9. Bg5 O-O 10. Re1 Qd6 11.
h3 Be6 12. Nbd2 Nf5 13. Bxc6 bxc6 14. Nf1 h6 15. Bd2 d4 16. c4 a5 17. Qc1 Kh7 18.
Bf4 Qd7 19. Ng3 Ne7 20. Ne4 Qa7 21. Bd6 Bf5 22. Nxc5 Rfe8 23. Ne5 Ng8 24. Qf4 Qb6 25. Na4 Qa6 26. Nxf7 Bxd3 27. b3 Bf5 28. g4 Be6 29. Ne5 Nf6 30. Nc5 Qb6 31. Nxe6 Rxe6 32. c5 Qb4 33.
Nxc6 Qc3 34. Rxe6 Qxa1+ 35. Kg2 d3 36. Ne5 Nd5 37. Qf7 Rg8 38. Qxg6+ 1-0

[Event "Late-Titled-Tuesday-Blitz-May-07-2024"]
[Site "Chess.com"]
[Date "2024.05.07"]
[Round "4"]
[White "HajiyevKanan"]
[Black "RichardShtivelband"]
[Result "1/2-1/2"]
[WhiteElo "2575"]
[BlackElo "2399"]
[TimeControl "180+1"]
[EndTime "14:39:14 PDT"]
[Termination "Game drawn by repetition"]

1. d4 Nf6 2. Nf3 d5 3. c4 c6 4. Nc3 e6 5. cxd5 exd5 6. Bg5 Bf5 7. Nh4 Bg6 8. e3 Nbd7 9. Nxg6 hxg6 10. Bd3 Bd6 11. h4 Qb6 12. Qc2 O-O-O 13. O-O-O Kb8 14. Kb1 Rhe8 15. g4 Nf8 16. h5 gxh5 17. gxh5 Ne6 18.
Bxf6 gxf6 19. h6 Rh8 20. h7 Rde8 21. Rh6 Be7 22. Rg1 Ng5 23. Na4 Qc7 24. Nc5 Ka8 25. a3 b6 26. Na6 Qd7 27. Bf5 Qb7 28. Nb4 Bxb4 29. axb4 Ne4 30. Bxe4 dxe4 31. Rg7 Rc8 32. Qxe4 Qa6 33. Rh1 Qc4 34. b5 Qxb5 35. Rxf7 Rhe8 36.
Qc2 Qd5 37. h8=Q Rxh8 38. Rxh8 Rxh8 39. Rh7 Rg8 40. b3 Rg1+ 41. Kb2 Rg8 42. Re7 Rc8 43.
Qh7 Qa5 44. Rc7 Qd2+ 45. Kb1 Qd1+ 46. Kb2 Qd2+ 47. Ka3 Qa5+ 48. Kb2 Qd2+ 1/2-1/2

[Event "Late-Titled-Tuesday-Blitz-May-07-2024"]
[Site "Chess.com"]
[Date "2024.05.07"]
[Round "4"]
[White "Sanan_Sjugirov"]
[Black "AlexeiShirov"]
[Result "0-1"]
[WhiteElo "3022"]
[BlackElo "2883"]
[TimeControl "180+1"]
[EndTime "14:39:15 PDT"]
[Termination "AlexeiShirov won on time"]

1. e4 e5 2. Nf3 Nc6 3. Bc4 Nf6 4. d3 Bc5 5. a4 O-O 6. O-O a5 7. h3 h6 8. Be3 Bxe3 9. fxe3 d6 10. Nbd2 Be6 11.
Qe1 Ne7 12. Nh4 Qd7 13. Qg3 Kh7 14. Rf2 Nh5 15. Qf3 g6 16. Raf1 Ng7 17. Bxe6 Qxe6 18.
g4 c6 19. Qe2 f5 20. gxf5 gxf5 21. Kh2 d5 22. exf5 Nexf5 23. Nxf5 Rxf5 24. Rxf5 Nxf5 25. Qg4 Ng7 26. Qxe6 Nxe6 27. Rf7+ Kg8 28. Re7 Nc5 29. b3 Rf8 30. Kg2 Rf5 31. e4 dxe4 32. Nxe4 Nxe4 33. dxe4 Rg5+ 34. Kf3 b5 35. Ra7 bxa4 36.
bxa4 Rh5 37. Kg3 Rg5+ 38. Kh2 Rg7 39. Rxa5 Rd7 40. Rc5 Rd4 41. a5 Rxe4 42. Rxc6 Kg7 43. a6 Ra4 44. Kg3 h5 45. Kf3 Kf7 0-1

[Event "Late-Titled-Tuesday-Blitz-May-07-2024"]
[Site "Chess.com"]
[Date "2024.05.07"]
[Round "4"]
[White "maurovargas01"]
[Black "rionelG"]
[Result "0-1"]
[WhiteElo "1967"]
[BlackElo "2293"]
[TimeControl "180+1"]
[EndTime "14:39:15 PDT"]
[Termination "rionelG won on time"]

1. e4 c5 2. Nc3 a6 3. f4 Nc6 4. Nf3 g6 5. d3 Bg7 6. g4 d6 7. h3 e6 8. Bg2 Nge7 9. O-O Nd4 10. Ne2 Nxf3+ 11. Bxf3 O-O 12. Qe1 f5 13. Ng3 Rb8 14. Rb1 b5 15. c3 b4 16. Bd2 a5 17. Be2 Nc6 18. Kg2 Qc7 19. g5 Bb7 20. h4 bxc3 21. Bxc3 Nd4 22. h5 d5 23. e5 Nxe2 24. Qxe2 d4+ 25.
Kh3 dxc3 26. h6 Bh8 27. bxc3 Bc6 28. Rbc1 Rb5 29. c4 Rb4 30. Qd2 Rfb8 31. Rc2 Qb7 32. Rf2 Bf3 33. Rh2 Bg4+ 34. Kh4 Rd8 35. Nf1 Qc7 36.
Ne3 Bxe5 37. fxe5 Qxe5 0-1

[Event "Late-Titled-Tuesday-Blitz-May-07-2024"]
[Site "Chess.com"]
[Date "2024.05.07"]
[Round "4"]
[White "prachiti01"]
[Black "jk13"]
[Result "0-1"]
[WhiteElo "2390"]
[BlackElo "2625"]
[TimeControl "180+1"]
[EndTime "14:39:16 PDT"]
[Termination "jk13 won on time"]

1. e4 e5 2. Nf3 Nc6 3. Bb5 a6 4. Ba4 Nf6 5. O-O b5 6. Bb3 Bc5 7. Nc3 O-O 8. d3 h6 9. Nd5 d6 10. c3 Rb8 11. d4 Ba7 12. dxe5 dxe5 13. Qe2 Re8 14. Rd1 Nxd5 15. Bxd5 Qf6 16. h3 Ne7 17.
Bb3 Ng6 18. Be3 Nf4 19. Bxf4 Qxf4 20. Rd2 c5 21. Bd5 c4 22. Rad1 Rb6 23. Kf1 Rf6 24.
Ke1 g5 25. Ng1 Qh2 26. Qf1 g4 27. hxg4 Bxg4 28. Rc1 Kg7 29. Nf3 Bxf3 30. gxf3 Rxf3 31. Rcc2 Rd8 32. Re2 Rd6 33. Kd1 Rg6 34. Re1 Rg2 35. Qh1 Qxh1 36. Rxh1 Rfxf2 37. Rxf2 Rxf2 38. Kc1 Be3+ 39. Kb1 Bg5 40. b3 cxb3 41. axb3 Kg6 42. c4 bxc4 43.
bxc4 Be3 44. Rh3 Bd4 45. Ra3 h5 46. Rxa6+ Kg5 47. Ra5 h4 48. c5 h3 49. c6 h2 0-1

[Event "Late-Titled-Tuesday-Blitz-May-07-2024"]
[Site "Chess.com"]
[Date "2024.05.07"]
[Round "4"]
[White "vladgoncharov"]
[Black "AsaHoffmann"]
[Result "1-0"]
[WhiteElo "2582"]
[BlackElo "2419"]
[TimeControl "180+1"]
[EndTime "14:39:17 PDT"]
[Termination "vladgoncharov won on time"]

1. d4 Nf6 2. c4 c5 3. Nf3 cxd4 4. Nxd4 e5 5. Nb5 d5 6. cxd5 Bb4+ 7. N1c3 O-O 8. a3 Bc5 9. d6 Na6 10. e3 Bf5 11. b4 Bb6 12. Bb2 Rc8 13. Bd3 e4 14. Be2 Re8 15. h3 Nd7 16. Nd5 Ne5 17. Bxe5 Rxe5 18. Ne7+ Rxe7 19. dxe7 Qxe7 20. Nd6 Rd8 21. Nxf5 Rxd1+ 22. Rxd1 Qe5 23. Nd4 Nc7 24. O-O g6 25. Rc1 Nd5 26. Rc8+ Kg7 27. Rd1 Nf6 28. Nb5 Qb2 29.
Bf1 h5 30. Rb8 a6 31. Rxb7 axb5 32. Rxb6 Qxa3 33. Rxb5 Qa2 34. Rb7 h4 35. Rd4 g5 36.
Bc4 Qa1+ 37. Kh2 g4 38. Rxf7+ Kg6 39. Rxf6+ Kxf6 40. hxg4 Qe1 41. Rxe4 Qxb4 42. Rf4+ Kg7 43. Bd5 Qd2 44. Be4 Qd1 45. g5 Qd2 46. g6 Qe1 47. Kh3 Qh1+ 48. Kg4 h3 49. gxh3 Qg1+ 50. Kh5 Qd1+ 51. Bf3 Qd7 52. Rf7+ 1-0